 Dungeon Crawl Stone Soup version 0.31.0-11-ge490571c62 (webtiles) character file.

Game seed: 16040985575419771744

355 Gadfly the Insei (level 6, -8/47 HPs)
             Began as a Demonspawn Monk on Feb 3, 2024.
             Killed by divine providence
             ... invoked by an orc priest
              (14 damage)
             ... on level 3 of the Dungeon.
             The game lasted 00:04:00 (2597 turns).

Gadfly the Insei (Demonspawn Monk)                  Turns: 2597, Time: 00:04:01

Health: -8/47      AC:  8    Str: 14    XL:     6   Next: 36%
Magic:  6/6        EV: 13    Int: 10    God:
Gold:   85         SH:  0    Dex: 15    Spells: 5/5 levels left

rFire   + . .        b - +3 hand axe (venom)
rCold   + . .        c - orb {light}
rNeg    . . .        n - +2 robe {rC+ rF+}
rPois   .            (no helmet)
rElec   .            (no cloak)
rCorr   +            (no gloves)
SInv    .            (no boots)
Will    .....        (no amulet)
Stlth   +            d - +4 ring of protection
HPRegen 0.27/turn    j - ring of resist corrosion
MPRegen 0.10/turn

%: no passive effects
@: glowing
A: ignite blood 1, spiny 1, sturdy frame 1, weakness stinger 1
a: no special abilities


You were on level 3 of the Dungeon.
You visited 1 branch of the dungeon, and saw 3 of its levels.

You collected 223 gold pieces.
You spent 138 gold pieces at shops.

Inventory:

Hand Weapons
 a - a +2 short sword of draining
 b - a +3 hand axe of venom (weapon)
 f - a +2 dagger of venom
Armour
 c - an orb of light (worn)
 n - a +2 robe of resistance (worn)
Jewellery
 d - a +4 ring of protection (left hand)
 j - a ring of resist corrosion (right hand)
Wands
 h - a wand of flame (14) (quivered)
Scrolls
 g - a scroll of silence
 k - a scroll of teleportation
 l - 2 scrolls of fog
 m - 2 scrolls of fear
Potions
 e - a potion of ambrosia


   Skills:
 - Level 3.0 Fighting
 + Level 3.6 Dodging
 * Level 4.2 Unarmed Combat
 * Level 3.0 Evocations
 * Level 2.5 Shapeshifting


You had 5 spell levels left.
You didn't know any spells.
Your spell library contained the following spells:

 Spells                   Type           Power      Damage    Failure   Level
 Shock                    Conj/Air       0%         1d3       36%         1
 Swiftness                Air            0%         N/A       75%         3
 Airstrike                Air            0%         2d(0-16)  98%         4


Dungeon Overview and Level Annotations

Branches:
Dungeon (3/15)

Altars:

Shops:
D:1 ?:([


Innate Abilities, Weirdness & Mutations

Your demonic aura sometimes causes spilled blood to erupt in flames.
You are partially covered in sharp spines.
Your movements are slightly less encumbered by armour. (ER -2)
You have a small tail.


Message History

The orc priest calls down the wrath of Beogh upon you.
Beogh smites you!
You hear a shout!
A jackal comes into view.
An orc comes into view. It is wielding a +0 hand axe.
You hit the jackal.
The jackal is poisoned.
The jackal is severely wounded.
The jackal is struck by your spines.
You kill the jackal!
The orc priest invokes the aid of Beogh against you.
Beogh smites you!
You are too injured to fight recklessly!
You are too injured to fight recklessly!
You are too injured to fight recklessly!
You are too injured to fight recklessly!
You are too injured to fight recklessly!
You are too injured to fight recklessly!
You are too injured to fight recklessly!
You are too injured to fight recklessly!
You are too injured to fight recklessly!
You are too injured to fight recklessly!
You are too injured to fight recklessly!
You are too injured to fight recklessly!
You are too injured to fight recklessly!
You are too injured to fight recklessly!
Unknown command.
You are too injured to fight recklessly!
Unknown command.
You are too injured to fight recklessly!
You hit the jackal.
You kill the jackal!
An orc priest comes into view. It is wielding a +0 dagger.
You hit the jackal.
You kill the jackal!
The orc priest calls down the wrath of Beogh upon you.
Beogh smites you!
* * * LOW HITPOINT WARNING * * *
The orc priest calls down the wrath of Beogh upon you.
Beogh smites you!
You die...

........#'#### #.###.#
##############.#.# #.# #.#
#.......)...!.<#.# #.# #.#
##.###########.#.########.###..
#.# #.#...........##.. #.#
#.##############.. #.#
#................#
##.############################
#....)........@h..ooo.
#.....................
##.##################. #.# #.#
#.# #.# #.


You could see 2 orc priests, an orc and a jackal.

Vanquished Creatures
  Sigmund (D:3)
  Ijyb (D:3)
  Terence (D:3)
  2 orc wizards
  2 adders (D:2)
  A ribbon worm (D:2)
  2 dart slugs
  6 orcs
  4 ball pythons
  4 endoplasms
  2 giant cockroaches (D:1)
  5 hobgoblins
  9 jackals
  7 kobolds
  4 quokkas
  4 bats
  A frilled lizard (D:2)
  6 goblins
  4 rats
66 creatures vanquished.

Notes
Turn   | Place    | Note
-------+----------+-------------------------------------------
     0 | D:1      | Gadfly the Demonspawn Monk began the quest for the Orb.
     0 | D:1      | Reached XP level 1. HP: 18/18 MP: 1/1
    81 | D:1      | Found Tonnolos's Weapon Shoppe.
   243 | D:1      | Gained mutation: Your movements are slightly less
                  | encumbered by armour. (ER -2) [demonic ancestry]
   243 | D:1      | Reached XP level 2. HP: 14/24 MP: 2/2
   295 | D:1      | Found Jadi's Antique Armour Shop.
   462 | D:1      | Found Reuculah's Magic Scroll Boutique.
   472 | D:1      | Bought a scroll of identify for 24 gold pieces
   543 | D:1      | Reached skill level 3 in Unarmed Combat
   635 | D:1      | Reached skill level 1 in Evocations
   644 | D:1      | Found a faded altar of an unknown god.
   888 | D:1      | Found Jaydoilio's Book Shoppe.
  1099 | D:2      | Gained mutation: You are partially covered in sharp spines.
                  | [demonic ancestry]
  1099 | D:2      | Reached XP level 3. HP: 26/29 MP: 3/3
  1104 | D:2      | Reached skill level 1 in Shapeshifting
  1417 | D:2      | Gained mutation: Your demonic aura sometimes causes spilled
                  | blood to erupt in flames. [demonic ancestry]
  1417 | D:2      | Reached XP level 4. HP: 35/35 MP: 4/4
  1984 | D:1      | Bought a scroll of silence for 114 gold pieces
  2043 | D:3      | Noticed Sigmund
  2050 | D:3      | Killed Sigmund
  2051 | D:3      | Reached skill level 4 in Unarmed Combat
  2051 | D:3      | Reached XP level 5. HP: 41/41 MP: 5/5
  2170 | D:3      | Noticed Terence
  2177 | D:3      | Killed Terence
  2178 | D:3      | Gained mutation: You have a small tail. [demonic ancestry]
  2178 | D:3      | Reached XP level 6. HP: 33/47 MP: 6/6
  2533 | D:3      | Noticed Ijyb
  2542 | D:3      | Killed Ijyb
  2597 | D:3      | Killed from afar by an orc priest

Illustrated notes

Levels and vault maps discovered:
D:1:      giann_forest_graveyard, layout_loops_ring,
          hellmonk_ecumenical_altar_inner_sanctum, serial_shops,
          nicolae_shop_pleasant_corner_grove, nicolae_shop_advertising_works
          [nicolae_subvault_shop_adworks], nicolae_diamond_shop,
          nicolae_lakefront_shop, dreamdust_mushroom_princess
D:2:      layout_basic, grunt_decor_arrowhead, minmay_pentomino_z4
D:3:      layout_basic, grunt_temple_overflow_lords_of_destruction,
          mainiacjoe_overflow_divided_tiny, chequers_serial_rivers_large_a,
          uniq_terence, uniq_ijyb, uniq_sigmund

Skill      XL: |  1  2  3  4  5  6 |
---------------+-------------------+-----
Unarmed Combat | 3 4 |  4.2
Evocations     | 1 2 3 |  3.0
Dodging        | 3 |  3.6
Shapeshifting  | 1 2 |  2.5
Fighting       | |  3.0

Action                     |  1- 3 |  4- 6 || total
---------------------------+-------+-------++-------
  Melee: Unarmed           |    18 |       ||    18
         Hand axe          |    54 |    45 ||    99
         Tailslap          |       |     4 ||     4
    Use: Scroll            |     4 |     5 ||     9
 Armour: Robe              |    28 |    18 ||    46
         Leather armour    |     2 |     5 ||     7
  Dodge: Dodged            |    48 |    17 ||    65
